 Dungeon Crawl Stone Soup version 0.30.0-5-g1a98f26d00 (webtiles) character file.

Game seed: 1583565680304819749

2405 qeuew the Protected (level 9, -9/79 HPs)
             Began as a Minotaur Fighter on May 12, 2023.
             Mangled by an iguana (11 damage)
             ... on level 6 of the Dungeon.
             The game lasted 00:05:05 (5143 turns).

qeuew the Protected (Minotaur Fighter)              Turns: 5143, Time: 00:05:06

Health: -9/79      AC:  0    Str: 21 (23) XL:     9   Next: 23%
Magic:  8/8        EV: 11    Int:  3 (5)  God:
Gold:   430        SH:  6    Dex: 12      Spells: 8/8 levels left

rFire   + . .        a - +1 war axe (heavy)
rCold   + . .        c - +1 buckler
rNeg    . . .        b - +0 scale mail
rPois   +            (helmet restricted)
rElec   +            (no cloak)
rCorr   +            (no gloves)
SInv    .            (no boots)
Will    +....        (no amulet) Stlth
                     h - ring of willpower
HPRegen 0.33/turn    (no ring)
MPRegen 0.11/turn

%: no passive effects
@: resistant, corroded
A: horns 2, retaliatory headbutt
a: no special abilities


You were on level 6 of the Dungeon.
You visited 1 branch of the dungeon, and saw 6 of its levels.

You collected 430 gold pieces.

Inventory:

Hand Weapons
 a - a +1 heavy war axe (weapon)
Armour
 b - a +0 scale mail (worn)
 c - a +1 buckler (worn)
Jewellery
 h - a ring of willpower (left hand)
Scrolls
 f - 3 scrolls of teleportation
 k - a scroll of magic mapping
Potions
 d - 2 potions of might
 e - 4 potions of flight
 m - 2 potions of invisibility
 n - 2 potions of cancellation


   Skills:
 + Level 7.1 Fighting
 + Level 6.5 Axes
 * Level 9.4 Armour
 + Level 5.3 Dodging
 + Level 7.0 Shields


You had 8 spell levels left.
You didn't know any spells.
Your spell library was empty.

Dungeon Overview and Level Annotations

Branches:
Dungeon (6/15)
 Temple: D:4-7

Altars:
Elyvilon
Hepliaklqana
Kikubaaqudgha
Nemelex Xobeh
Okawaru
Zin

Annotations:
D:6 1 transporter


Innate Abilities, Weirdness & Mutations

You have a pair of horns on your head.
You reflexively headbutt those who attack you in melee.


Message History

You headbutt the jelly, but do no damage.
The hound bites you.
* * * LOW HITPOINT WARNING * * *
The jelly barely misses you. The iguana closely misses you.
Your Shields skill increases to level 7!
Unknown command.
Unknown command.
Okay, then.
You hit the jelly.
You kill the jelly!
You barely miss the iguana. You barely miss the hound.
The hound closely misses you. You block the hound's attack.
The iguana bites you!
* * * LOW HITPOINT WARNING * * *
You block the hound's attack.
You feel your dexterity returning.
Okay, then.
Okay, then.
It was a potion of resistance.
You feel protected. The iguana closely misses you. The hound bites you.
* * * LOW HITPOINT WARNING * * *
You barely miss the iguana. You headbutt the iguana.
The iguana is lightly wounded.
You hit the hound but do no damage. The hound barely misses you.
You furiously retaliate!
You headbutt the hound. The iguana closely misses you.
The hound barely misses you. You block the iguana's attack.
The hound bites you.
* * * LOW HITPOINT WARNING * * *
Okay, then.
The hound attacks as you move away! The hound bites you.
* * * LOW HITPOINT WARNING * * *
The iguana attacks as you move away! The iguana barely misses you.
There is an open door here.
As you read the scroll labelled IPTEUP LETSANY, it crumbles to dust.
The creatures around you are filled with an inner flame!
It was a scroll of immolation.
The hound bites you.
* * * LOW HITPOINT WARNING * * *
The iguana bites you!
You die...

.......#....'#+###..######.
≈≈≈≈..##....##...##)#..##
≈≈≈≈.####..##.....##...)#
##≈≈...##'##?.....?#...(#
.#≈≈..##..##?..8..(##..##
##≈≈..#....#[.....$##'##
#≈≈..'....##.....##..##
##≈≈..##..#'##.lh##....#
..≈≈...####..###@#'....#
#.≈≈.... #....##..##..##
#.≈≈.....#....'....####
#.≈≈...####..##....#
.......# ######..##
©......# ####


You could see an iguana (inner flame) and a hound (inner flame).

Vanquished Creatures
  Pikel (D:5)
  A water moccasin (D:5)
  An orc warrior (D:5)
  A black bear (D:6)
  A sky beast (D:4)
  2 ogres
  A centaur (D:5)
  A phantom (D:4)
  3 scorpions
  4 wights
  A killer bee (D:6)
  4 hounds
  4 jellies
  5 orc priests
  3 iguanas
  A sleepcap (D:6)
  3 orc wizards
  3 gnolls (D:3)
  9 adders
  A shadow imp (D:6)
  A white imp (D:5)
  3 ufetubi
  A worm (D:3)
  3 dart slugs
  16 orcs
  7 bats
  10 endoplasms
  14 giant cockroaches (D:2)
  7 goblins
  8 hobgoblins
  5 kobolds
  2 quokkas
  4 ball pythons
  2 frilled lizards
  6 rats
139 creatures vanquished.

Notes
Turn   | Place    | Note
-------+----------+-------------------------------------------
     0 | D:1      | qeuew the Minotaur Fighter began the quest for the Orb.
     0 | D:1      | Reached XP level 1. HP: 19/19 MP: 0/0
   133 | D:1      | Reached XP level 2. HP: 27/27 MP: 1/1
   263 | D:1      | Reached skill level 4 in Armour
   581 | D:2      | Reached XP level 3. HP: 33/33 MP: 2/2
   671 | D:2      | Reached skill level 1 in Dodging
   929 | D:2      | Reached XP level 4. HP: 37/40 MP: 3/3
  1626 | D:3      | Reached skill level 5 in Armour
  1802 | D:3      | Noticed a scorpion
  1806 | D:3      | Reached XP level 5. HP: 38/47 MP: 4/4
  1897 | D:3      | Found a sparkling altar of Nemelex Xobeh.
  2063 | D:4      | Reached XP level 6. HP: 53/55 MP: 5/5
  2128 | D:4      | Reached skill level 6 in Armour
  2206 | D:4      | Found a glowing silver altar of Zin.
  2255 | D:4      | Noticed a sky beast
  2268 | D:4      | Killed a sky beast
  2269 | D:4      | Reached skill level 5 in Fighting
  2269 | D:4      | Reached skill level 5 in Shields
  2454 | D:4      | Found an ancient bone altar of Kikubaaqudgha.
  2460 | D:4      | Reached XP level 7. HP: 50/61 MP: 6/6
  2550 | D:4      | Found a hazy altar of Hepliaklqana.
  2552 | D:4      | Found an iron altar of Okawaru.
  2552 | D:4      | Found a white marble altar of Elyvilon.
  2771 | D:5      | Entered Level 5 of the Dungeon
  2927 | D:5      | Reached skill level 5 in Axes
  2927 | D:5      | Reached skill level 7 in Armour
  2939 | D:5      | Reached XP level 8. HP: 30/70 MP: 7/7
  3917 | D:5      | Noticed Pikel
  3927 | D:5      | Killed Pikel
  3928 | D:5      | Reached skill level 8 in Armour
  4288 | D:5      | HP: 2/69 [orc warrior/+0 scimitar (4)]
  4513 | D:6      | Reached skill level 5 in Dodging
  4694 | D:6      | Reached skill level 9 in Armour
  4694 | D:6      | Reached XP level 9. HP: 61/78 MP: 8/8
  4929 | D:6      | Identified the +9 scale mail of Snakes and Ladders {rC+}
  5058 | D:6      | Found a transporter.
  5141 | D:6      | HP: 3/79 [hound (2)]
  5143 | D:6      | Mangled by an iguana

Illustrated notes

Levels and vault maps discovered:
D:1:      dpeg_arrival_rooms_a, layout_basic
D:2:      minmay_roachtagon, layout_loops_corners, minmay_tetromino_s4
D:3:      layout_rooms, nemelex_altar_shiori
D:4:      layout_cave_pools, chequers_temple_overflow_statue_of_worship,
          mainiacjoe_overflow_small_starburst, old_standard_altar
D:5:      layout_basic, minmay_gold_behind_fungi, uniq_pikel
D:6:      minmay_bubble_buster, layout_gridville, gammafunk_ghost_gnarly_gnolls,
          st_stairs_7, chequers_serial_rivers_large_a, serial_bayou_ford_a,
          minivault_1

Skill      XL: |  1  2  3  4  5  6  7  8  9 |
---------------+----------------------------+-----
Armour         | 4 5 6 7 9 |  9.4
Fighting       | 4 5 6 7 |  7.1
Axes           | 3 4 5 6 |  6.5
Dodging        | 1 2 3 5 |  5.3
Shields        | 4 5 6 7 |  7.0

Action                     |  1- 3 |  4- 6 |  7- 9 || total
---------------------------+-------+-------+-------++-------
  Melee: War axe           |    58 |    99 |   108 ||   265
         Headbutt          |     9 |     9 |    14 ||    32
    Use: Scroll            |     4 |     6 |     2 ||    12
         Potion            |       |     3 |     5 ||     8
 Armour: Scale mail        |    27 |    65 |    57 ||   149
  Dodge: Dodged            |    26 |    62 |    85 ||   173
  Block: Buckler           |     7 |    40 |    50 ||    97
